AoeStats
← Julian

Pilgrims

507495913Analyzed
3v3 RM · 15d ago on Sep 18, 2026· 40m 51s· 6 players
Game mode
Random Map
Map size
Normal (6 player)
Population
200
Speed
Normal
Resources
Standard
Victory
Conquest
Starting age
Dark Age
Ending age
Imperial Age
RankedLock teamsTeams togetherTeam positionsShared explorationLock speedFull tech treeHidden civsTurbo modeCheats
Victory
Defeat
🇦🇺 Burgundians · Australia
1267
+14
🇫🇷 Italians · France
1260
+15
1258
+15
🇨🇳 Persians · China
1331
-19
🇨🇳 Chinese · China
1228
-14
🇨🇳 Armenians · China
1134
-11
种田玩家打队友别打我
8:49 Loom
10:59 Feudal Age
11:51 Double-Bit Axe
12:55 Wheelbarrow
12:15 Gold Mining
15:09 Fishing Lines
21:33 Castle Age
20:17 Fletching
21:45 Padded Archer Armor
23:29 Bow Saw
23:56 Town Watch
24:23 Bodkin Arrow
24:43 Horse Collar
28:25 Leather Archer Armor
30:26 Ballistics
32:24 Hand Cart
36:10 Imperial Age
34:17 Bloodlines
35:13 Thumb Ring
36:16 Heavy Cavalry Archer
37:24 Bracer
37:54 Ring Archer Armor
40:44 Two-Man Saw
Zozénia
4:36 Loom
10:53 Feudal Age
11:38 Town Watch
11:41 Double-Bit Axe
16:42 Castle Age
15:08 Fletching
15:12 Gold Mining
15:25 Fishing Lines
17:45 Bow Saw
18:06 Bodkin Arrow
18:49 Padded Archer Armor
22:13 Imperial Age
23:07 Bracer
24:20 Chemistry
26:03 Ballistics
27:08 Leather Archer Armor
31:50 Wheelbarrow
35:16 Elite Genoese Crossbowman
Julian
4:52 Double-Bit Axe
9:01 Fishing Lines
10:46 Wheelbarrow
12:31 Feudal Age
16:47 Castle Age
15:15 Forging
15:11 Scale Barding Armor
15:35 Gold Mining
15:59 Horse Collar
16:35 Bow Saw
17:12 Gold Shaft Mining
17:15 Gillnets
17:38 Husbandry
17:01 Cavalier
18:03 Stone Mining
20:07 Iron Casting
19:41 Loom
20:48 Hand Cart
21:17 Stone Shaft Mining
22:16 Chain Barding Armor
28:17 Town Watch
30:43 Two-Man Saw
29:51 Heavy Plow
37:46 Imperial Age
35:55 Crop Rotation
36:36 Burgundian Vineyards
38:04 Paladin
38:14 Capped Ram
39:19 Conscription
40:50 Elite Coustillier
放松一下
10:07 Loom
11:53 Feudal Age
13:08 Double-Bit Axe
16:24 Castle Age
14:36 Bloodlines
15:16 Horse Collar
18:26 Wheelbarrow
18:40 Bow Saw
20:54 Fishing Lines
22:37 Scale Barding Armor
22:42 Forging
25:33 Chain Barding Armor
29:39 Imperial Age
27:19 Husbandry
28:43 Iron Casting
29:44 Cavalier
36:43 Two-Man Saw
41:24 Plate Barding Armor
42:00 Blast Furnace
谛听
13:06 Feudal Age
17:27 Castle Age
16:13 Double-Bit Axe
18:32 Medium Warships
23:29 Fletching
26:01 Horse Collar
27:21 Siphons
27:58 Clinker Construction
28:00 Careening
27:57 Fishing Lines
29:10 Wheelbarrow
29:33 Bow Saw
29:31 Heavy Plow
30:26 Hand Cart
33:24 Imperial Age
32:04 Ballistics
33:51 Bodkin Arrow
33:57 Padded Archer Armor
34:35 Conscription
33:45 Elite Composite Bowman
34:38 Bracer
37:14 Chemistry
38:19 Elite Skirmisher
优雅猫
6:31 Loom
14:37 Feudal Age
15:27 Double-Bit Axe
18:18 Castle Age
16:05 Fishing Lines
17:01 Wheelbarrow
16:11 Town Watch
17:00 Horse Collar
17:14 Gold Mining
18:10 Fletching
18:20 Padded Archer Armor
19:56 Wheelbarrow
19:54 Gillnets
21:00 Clinker Construction
21:03 Bow Saw
22:36 Gold Shaft Mining
23:10 Masonry
23:26 Hand Cart
26:08 Bodkin Arrow
28:05 Leather Archer Armor
31:31 Medium Warships
35:57 Imperial Age
35:07 Town Patrol
36:50 Bracer
37:20 Ring Archer Armor
36:55 Scale Barding Armor
37:01 Forging
37:13 Ballistics
37:53 Chemistry
37:28 Conscription
37:40 Murder Holes
37:15 Demolition Ship
38:11 Scale Mail Armor
38:32 Sappers
38:24 Elite Chu Ko Nu
39:21 Chain Mail Armor
39:42 Iron Casting
38:30 Pikeman
39:10 Squires
39:10 Halberdier
41:14 Plate Mail Armor
42:20 Blast Furnace
Connection lost

Rejoining the realm…

Still unreachable

The connection could not be restored.

Session expired

The server has moved on; the page needs a fresh start.